 Dungeon Crawl Stone Soup version 0.32-a0-575-gafe9d2b (webtiles) character file.

Game seed: 7330941005372711414

269 Dorkslayer the Covered (level 5, -10/45 HPs)
             Began as a Demigod Fighter on Mar 1, 2024.
             Mangled by an ogre
             ... wielding a +0 giant club
              (26 damage)
             ... on level 3 of the Dungeon.
             The game lasted 00:04:48 (2140 turns).

Dorkslayer the Covered (Demigod Fighter)            Turns: 2140, Time: 00:04:48

Health: -10/45     AC: 10    Str: 21    XL:     5   Next: 69%
Magic:  7/7        EV:  8    Int: 10    God:
Gold:   96         SH:  5    Dex: 13    Spells: 4/4 levels left

rFire   + .          .
                       - Unarmed
rCold   . . .        b - +0 buckler
rNeg    . . .        f - +0 chain mail
rPois   .            (no helmet)
rElec   .            (no cloak)
rCorr   .            (no gloves)
SInv    .            j - +0 pair of boots
Will    .....        (no amulet) Stlth
                     h - ring of protection from fire
HPRegen 0.27/turn    (no ring)
MPRegen 0.10/turn

%: no passive effects
@: no status effects
A: high MP 1, forlorn, divine attributes
a: no special abilities


You were on level 3 of the Dungeon.
You visited 1 branch of the dungeon, and saw 3 of its levels.

You collected 96 gold pieces.

Inventory:

Hand Weapons
 l - a +0 war axe
Missiles
 a - 2 javelins (quivered)
Armour
 b - a +0 buckler (worn)
 f - a +0 chain mail (worn)
 j - a +0 pair of boots (worn)
Jewellery
 h - a ring of protection from fire (left hand)
Scrolls
 e - 2 scrolls of identify {unknown}
 m - 3 scrolls of teleportation {unknown}
Potions
 d - a potion of attraction
 g - a potion of lignification {unknown}
 i - 3 potions of curing
 k - a potion of enlightenment {unknown}


   Skills:
 + Level 3.0 Fighting
 + Level 0.4 Throwing
 + Level 3.6 Armour
 * Level 2.0 Dodging
 + Level 3.4 Shields
 + Level 3.6 Unarmed Combat


You had 4 spell levels left.
You didn't know any spells.
Your spell library contained the following spells:

 Spells                   Type           Power      Damage    Failure   Level
 Slow                     Hex            0%         N/A       97%         1
 Confusing Touch          Hex            0%         N/A       100%        3
 Sigil of Binding         Hex            0%         N/A       100%        3
 Vampiric Draining        Necr           0%         2d6       100%        3


Dungeon Overview and Level Annotations

Branches:
Dungeon (3/15)


Innate Abilities, Weirdness & Mutations

You have an increased reservoir of magic. (+10% MP)
You shall have no god before yourself.
Your divine heritage dramatically boosts your attributes as you level up.


Message History

Reactivating autopickup.
You feel a bit more experienced.
Your Dodging skill increases to level 2!
Things that are here:
a +0 dagger; a +0 robe; an orc corpse
Things that are here:
a +0 dagger; a +0 robe; an orc corpse You now have 96 gold pieces (gained 16).
Things that are here:
a +0 whip; an orc corpse You see here a +0 flail.
An ogre comes into view. It is wielding a +0 giant club.
The ogre is attracted toward you.
The ogre shouts!
You see here a javelin.
You hit the ogre but do no damage. The ogre hits you with a +0 giant club!
You hit the ogre.
The ogre is lightly wounded.
You hit the ogre.
The ogre is lightly wounded.
You block the ogre's attack.
You hit the ogre.
The ogre is moderately wounded.
You hit the ogre.
The ogre is moderately wounded.
The ogre barely misses you.
You aren't carrying any items that you can evoke.
You hit the ogre but do no damage.
The ogre is moderately wounded.
The ogre barely misses you.
You feel less attractive to monsters.
You hit the ogre.
The ogre is heavily wounded.
You hit the ogre.
The ogre is heavily wounded.
The ogre hits you with a +0 giant club!
You barely miss the ogre.
The ogre is heavily wounded.
The ogre hits you with a +0 giant club!!
Ouch! That really hurt!
You die...

...#.# ###
#....#########..
#...##.....##.#
#..##.....#..#
#.......†...#.
#..##.........
#.........#...
#.#########..#..#.##.#.
#...(O@.###)###.#.#..##
#.#####.))#)###.#.#=##
###...........
###.#.......
........#.. # ....###..
#.# ...### .#!.. ..##
.... #.. ?...


You could see an ogre.

Vanquished Creatures
  A phantom (D:2)
  2 orc wizards (D:3)
  3 gnolls (D:3)
  4 adders (D:2)
  A ribbon worm (D:2)
  5 dart slugs
  2 orcs (D:3)
  An endoplasm (D:2)
  2 giant cockroaches
  6 goblins
  3 hobgoblins (D:2)
  9 jackals
  2 ball pythons
  7 bats
  3 frilled lizards (D:2)
  4 kobolds
  6 rats
61 creatures vanquished.

Notes
Turn   | Place    | Note
-------+----------+-------------------------------------------
     0 | D:1      | Dorkslayer the Demigod Fighter began the quest for the Orb.
     0 | D:1      | Reached XP level 1. HP: 18/18 MP: 3/3
   252 | D:1      | Reached XP level 2. HP: 25/25 MP: 4/4
  1148 | D:2      | Reached XP level 3. HP: 28/30 MP: 5/5
  1261 | D:2      | Reached skill level 1 in Dodging
  1537 | D:2      | Reached XP level 4. HP: 35/37 MP: 6/6
  1699 | D:2      | Noticed a phantom
  1735 | D:2      | Killed a phantom
  1736 | D:2      | Reached XP level 5. HP: 24/45 MP: 7/7
  2130 | D:3      | Noticed an ogre
  2140 | D:3      | Mangled by an ogre

Illustrated notes

Levels and vault maps discovered:
D:1:      dpeg_arrival_tiny_a, layout_basic, grunt_decor_mini_mirrors,
          minmay_tiny_reverse_x
D:2:      layout_basic
D:3:      layout_rooms, palyth_temple_overflow_mages, fedhas_altar_fruit_tree,
          chequers_serial_rivers_micro_b

Skill      XL: |  1  2  3  4  5 |
---------------+----------------+-----
Unarmed Combat | 2 3 |  3.6
Armour         | 3 |  3.6
Shields        | 3 |  3.4
Dodging        | 1 2 |  2.0
Fighting       | 3 |  3.0
Throwing       | |  0.4

Action                     |  1- 3 |  4- 6 || total
---------------------------+-------+-------++-------
  Melee: Unarmed           |   181 |   111 ||   292
  Throw: Javelin           |     5 |     5 ||    10
    Use: Potion            |     1 |     3 ||     4
 Armour: Chain mail        |   138 |    80 ||   218
         Scale mail        |     4 |       ||     4
  Dodge: Dodged            |    68 |    37 ||   105
  Block: Buckler           |    41 |    15 ||    56

Table legend: (Time is in decaauts)
 A = Elapsed time spent in this place.
 B = Non-inter-level travel time spent in this place.
 C = Inter-level travel time spent in this place.
 D = Time resting spent in this place.
 E = Time spent auto-exploring this place.
 F = Levels seen in this place.
 G = Mean time per level.
                   A        B        C        D        E       F      G
               +--------+--------+--------+--------+--------+-----+--------+
         Total |   2140 |   2140 |      0 |      0 |   1093 |   3 |  713.3 |
       Dungeon |   2140 |   2140 |      0 |      0 |   1093 |   3 |  713.3 |
               +--------+--------+--------+--------+--------+-----+--------+

Top non-repeatable levels by time:
     D:1: 1081 daAuts
     D:2: 900 daAuts
     D:3: 158 daAuts
